 Dungeon Crawl Stone Soup version 0.27.0-1-g7a089689b8 (webtiles) character file.

Game seed: 15429814283101987640

5402 freelancePsychic the Thaumaturge (level 10, -1/77 HPs)
             Began as a Djinni Ice Elementalist on Aug 8, 2021.
             Was a Follower of Makhleb.
             Slain by a yak (12 damage)
             ... on level 8 of the Dungeon.
             The game lasted 00:12:47 (9684 turns).

freelancePsychic the Thaumaturge (DjIE)             Turns: 9684, Time: 00:12:47

Health: -1/77      AC:  6    Str:  7    XL:     10   Next: 98%
Gold:   417        EV: 16    Int: 26    God:    Makhleb [*.....] SH:  7 Dex: 14

rFire    + + .     SeeInvis .   (no weapon)
rCold    x . .     Faith    .   w - +2 buckler
rNeg     . . .     Spirit   .   o - +3 leather armour {Will+}
rPois    ∞         Reflect  .   (no helmet)
rElec    .         Harm     .   (no cloak)
rCorr    .         Rampage  .   (no gloves)
Will     ++...                  (boots unavailable)
Stlth    ++........             (no amulet)
HPRegen  0.22/turn              f - +4 ring of evasion
MPRegen  0.00/turn              u - +6 ring of intelligence

@: freezing walls, flying
A: sickness immunity, fire resistance 2, cold vulnerability 1, float, innate
caster, hp casting, extra vitality 1
a: Renounce Religion


You were on level 8 of the Dungeon.
You worshipped Makhleb.
Makhleb was aware of your devotion.
You visited 1 branch of the dungeon, and saw 9 of its levels.

You collected 417 gold pieces.

Inventory:

Armour
 j - a scarf of shadows
 o - a +3 leather armour of willpower (worn)
 w - a +2 buckler (worn)
Jewellery
 f - a +4 ring of evasion (left hand)
 g - a ring of protection from fire
 n - a ring of see invisible
 u - a +6 ring of intelligence (right hand)
 A - an amulet of faith
Wands
 v - a wand of flame (13)
Scrolls
 d - 4 scrolls of teleportation {@r4}
 h - 3 scrolls of fear
 k - a scroll of magic mapping
 m - a scroll of holy word
 p - 3 scrolls of fog
 q - 2 scrolls of enchant weapon {unknown}
 s - a scroll of identify {@r1}
 x - a scroll of brand weapon
 y - a scroll of immolation {unknown}
Potions
 a - a potion of magic {unknown}
 b - 2 potions of heal wounds {@q2}
 c - 3 potions of lignification
 e - 4 potions of curing {@q1}
 i - 2 potions of attraction {unknown}
 l - 4 potions of haste {unknown}
 r - a potion of berserk rage {unknown}
 t - a potion of brilliance {unknown}
 z - a potion of resistance {unknown}


   Skills:
 + Level 8.8 Fighting
 + Level 4.0 Dodging
 - Level 1.5 Stealth
 - Level 4.0 Shields
 - Level 9.6 Spellcasting


You had 7 spell levels left.
You knew the following spells:

 Your Spells              Type           Power      Damage    Failure   Level
a - Foxfire               Conj/Fire      100%       2x1d9     1%          1
b - Frozen Ramparts       Ice            100%       1d12      1%          3
c - Ozocubu's Armour      Ice            58%        N/A       1%          3
d - Hailstorm             Conj/Ice       58%        3d13      1%          4
e - Dispel Undead         Necr           58%        3d21      1%          4
f - Ensorcelled Hibernat  Hex/Ice        100%       N/A       1%          2
g - Conjure Flame         Conj/Fire      58%        6-21      1%          3
h - Freeze                Ice            100%       1d11      1%          1
Your spell library was empty.

Dungeon Overview and Level Annotations

Branches:
Dungeon (9/15)             Temple (0/1) D:6            Lair (0/6) D:9
    Orc (0/2) D:9

Altars:
Elyvilon
Makhleb

Shops:
D:8 *

Annotations:
D:2 Natasha
D:6 3 runed translucent doors, ZenoRockbell's ghost, novice DsMo; scisormetimb3rs's ghost, novice SpBr


Innate Abilities, Weirdness & Mutations

You are immune to sickness and miasma.
You are immune to poison.
Your flesh is very heat resistant. (rF++)
You are vulnerable to cold. (rC-)
You float through the air rather than walking.
You learn spells naturally, not from books.
Your magical power is your life essence.
You have superior vitality. (+4 HP)


Message History

Okay, then.
As you read the scroll of identify {@r1}, it crumbles to dust.
e - 4 potions of curing The wall freezes the yak.
You kill the yak!
Makhleb accepts your kill.
Your Dodging skill increases to level 4!
Your frozen ramparts will break if you move.
Continue?
The frozen ramparts melt away as you move.
There is an open door here.
There is an open door here.
You reach down and open the door.
There is an open door here.
There is a stone staircase leading up here.
The yak barely misses you.
You fly upwards.
There is a stone staircase leading down here.
Casting: Hailstorm (dangerous; 1% risk of failure)
Confirm with . or Enter, or press ? or * to list all spells.
Casting: Frozen Ramparts (safe; 1% risk of failure)
Press: ? - help, Dir - look around, f - activate The walls around you are covered in ice.
The wall freezes the yak!
The yak barely misses you.
You hit the yak but do no damage.
The yak is moderately wounded.
The wall freezes the yak!
The yak gores you.
* * * LOW HITPOINT WARNING * * *
You barely miss the yak.
The yak is heavily wounded.
The wall freezes the yak.
The yak gores you!
* * * LOW HITPOINT WARNING * * *
You barely miss the yak.
The yak is heavily wounded.
The wall freezes the yak!
You block the yak's attack.
Your frozen ramparts will break if you move.
Continue?
Okay, then.
You hit the yak but do no damage.
The yak is almost dead.
The wall freezes the yak.
The yak gores you!
You die...

.#....#.#.....)............#..#
.....##.##[...(...............#
.##..#...#....(...............###
.##..#._.#.....(.).....#.........
.##..#...#(...........######.####
.....##)##...........## #.#
..#...#.#...#[>......## #.#
.##...#.#.............# #.#
......#.#......Y@.....# #.#
......#'#....############# #.#
.............#...........# #.#
...........#.#...........# #.#
..........####..≈≈≈≈≈≈≈..# #.#
.........## #..≈.....≈..# #.#
.........#####..≈.≈≈≈.≈..# #.#
..>..........#..≈.≈#≈.≈..# #.#
........####.#..≈...≈.≈..# #.#


You could see a yak.

Vanquished Creatures
  A centaur warrior (D:9)
  Pikel (D:5)
  3 centaur zombies
  Psyche (D:8)
  2 wyverns
  Eustachio (D:5)
  A yak (D:9)
  5 vampire mosquitoes
  An acid dragon (D:5)
  2 water moccasins
  An orc warrior (D:9)
  2 ogres (D:5)
  2 centaurs
  A lemure (D:5)
  A kobold brigand (D:8)
  A phantom (D:5)
  A bullfrog (D:8)
  A scorpion (D:6)
  A howler monkey (D:6)
  2 electric eels
  A crimson imp (D:5)
  A bullfrog zombie (D:6)
  3 jellies (D:6)
  4 hounds
  A gnoll shaman (D:6)
  2 orc priests
  A centaur skeleton (D:6)
  Jessica (D:2)
  6 iguanas
  3 orc wizards
  Natasha (twice) (D:2)
  A hound skeleton (D:5)
  A howler monkey zombie (D:9)
  9 gnolls
  A howler monkey skeleton (D:5)
  9 adders
  A white imp (D:5)
  2 ufetubi (D:5)
  3 worms
  A dart slug (D:3)
  13 orcs
  11 ball pythons
  3 bats
  2 endoplasms
  2 giant cockroaches
  8 goblins
  6 hobgoblins
  6 jackals
  3 quokkas
  4 frilled lizards
  10 kobolds
  3 rats
155 creatures vanquished.

Vanquished Creatures (others)
  592 foxfires
  A fungus (D:2)
  3 plants
  6 withered plants (D:6)
602 creatures vanquished.

Grand Total: 757 creatures vanquished

Notes
Turn   | Place    | Note
-------+----------+-------------------------------------------
     0 | D:1      | freelancePsychic the Djinni Ice Elementalist began the
                  | quest for the Orb.
     0 | D:1      | Reached XP level 1. HP: 15/15 MP: 0/0
   157 | D:1      | Reached XP level 2. HP: 18/22 MP: 0/0
   550 | D:1      | Reached skill level 1 in Fighting
   560 | D:1      | Reached XP level 3. HP: 9/27 MP: 0/0
   560 | D:1      | Learned a level 1 spell: Foxfire
  1485 | D:2      | Noticed Natasha
  1489 | D:2      | Killed Natasha
  1490 | D:2      | Reached skill level 4 in Spellcasting
  1490 | D:2      | Reached XP level 4. HP: 23/33 MP: 0/0
  1505 | D:2      | Noticed Natasha
  1686 | D:2      | Noticed Jessica
  1690 | D:2      | Killed Jessica
  1862 | D:2      | Reached XP level 5. HP: 34/38 MP: 0/0
  1862 | D:2      | Learned a level 2 spell: Ensorcelled Hibernation
  2110 | D:2      | Killed Natasha
  2351 | D:2      | Noticed Natasha
  2657 | D:3      | Reached XP level 6. HP: 39/45 MP: 0/0
  3643 | D:4      | You are sucked into a shaft and drop 2 floors!
  3650 | D:6      | Reached skill level 5 in Spellcasting
  3784 | D:6      | Found a runed translucent gate.
  3784 | D:6      | Found a runed translucent gate.
  3785 | D:6      | Found a runed translucent gate.
  3786 | D:6      | Noticed ZenoRockbell's ghost (novice DsMo)
  3786 | D:6      | Noticed scisormetimb3rs's ghost (novice SpBr)
  3951 | D:5      | Entered Level 5 of the Dungeon
  3951 | D:5      | Noticed a water moccasin
  3956 | D:5      | Killed a water moccasin
  3957 | D:5      | Reached XP level 7. HP: 39/51 MP: 0/0
  3957 | D:5      | Learned a level 3 spell: Conjure Flame
  4513 | D:5      | Reached skill level 6 in Spellcasting
  4565 | D:5      | Noticed Pikel
  4577 | D:5      | Killed Pikel
  4578 | D:5      | Reached skill level 5 in Fighting
  4578 | D:5      | Reached XP level 8. HP: 43/59 MP: 0/0
  4857 | D:5      | Reached skill level 7 in Spellcasting
  5228 | D:5      | Reached XP level 9. HP: 62/66 MP: 0/0
  5228 | D:5      | Learned a level 4 spell: Dispel Undead
  5454 | D:5      | Found a burning altar of Makhleb.
  5465 | D:5      | Became a worshipper of Makhleb the Destroyer
  5585 | D:5      | Noticed Eustachio
  5589 | D:5      | Killed Eustachio
  5808 | D:5      | Reached skill level 8 in Spellcasting
  6572 | D:6      | Found a staircase to the Ecumenical Temple.
  7247 | D:7      | Reached * piety under Makhleb
  7248 | D:7      | Reached skill level 9 in Spellcasting
  7248 | D:7      | Reached XP level 10. HP: 58/76 MP: 0/0
  8031 | D:8      | Found a white marble altar of Elyvilon.
  8202 | D:8      | Found Doshoc's General Store.
  8206 | D:8      | Noticed Psyche
  8212 | D:8      | Killed Psyche
  8830 | D:9      | Reached skill level 1 in Shields
  9332 | D:9      | Found a staircase to the Orcish Mines.
  9455 | D:9      | Found a staircase to the Lair.
  9639 | D:9      | Noticed a centaur warrior
  9644 | D:9      | Killed a centaur warrior
  9684 | D:8      | Slain by a yak

Illustrated notes

Levels and vault maps discovered:
D:1:      onia_arrival_mini_maze_b, layout_rooms
D:2:      layout_basic, shapermc_ecumenical_altar_rom_forum, minivault_25,
          grunt_decor_one_mirror, kennysheep_jessica_study, uniq_natasha
D:3:      layout_basic, minivault_4, kennysheep_generic_room_9
D:4:      layout_loops_corners, minmay_pentangle, uniq_crazy_yiuf_cottage
D:5:      cheibrodos_two_vegetables, layout_loops_corners,
          makhleb_grotto_becter, minmay_diced_spiral, uniq_pikel, uniq_eustachio
D:6:      minmay_general_purpose_star, layout_cave_pools,
          minmay_temple_entry_tees, gammafunk_ghost_cemetery
D:7:      layout_rooms
D:8:      layout_rooms, mainiacjoe_overflow_surrounded_room, serial_shops,
          nicolae_shop_stone, kennysheep_small_spiral, uniq_psyche
D:9:      layout_roguey, lair_entry_dummy, orc_0_dummy

Skill      XL: |  1  2  3  4  5  6  7  8  9 10 |
---------------+-------------------------------+-----
Fighting       | 1 2 3 5 7 8 |  8.8
Spellcasting   | 4 5 6 7 9 |  9.6
Shields        | 4 |  4.0
Dodging        | 4 |  4.0
Stealth        | |  1.5

Action                   |  1- 3 |  4- 6 |  7- 9 | 10-12 || total
-------------------------+-------+-------+-------+-------++-------
Melee: Unarmed           |     7 |       |     3 |     8 ||    18
 Cast: Freeze            |    25 |     1 |    10 |       ||    36
       Foxfire           |    18 |   132 |   154 |    42 ||   346
       Frozen Ramparts   |       |     7 |    14 |    11 ||    32
       Hailstorm         |       |       |     3 |    13 ||    16
       Dispel Undead     |       |       |     2 |     8 ||    10
  Use: Scroll            |     1 |     3 |     6 |     2 ||    12
Armor: Robe              |     2 |     9 |     2 |       ||    13
       Leather armour    |       |       |    11 |       ||    11
Dodge: Dodged            |    21 |    26 |    46 |    16 ||   109
Block: Buckler           |       |       |       |     2 ||     2
